 Dungeon Crawl Stone Soup version 0.20.0-15-g7f486f2 (webtiles) character file.

19797 vishdafish the Unseen (level 12, 0/53 HPs)
             Began as a Spriggan Assassin on June 18, 2017.
             Was an Elder of Dithmenos.
             Succumbed to a wolf spider's poison
             ... on level 1 of the Spider Nest.
             The game lasted 01:50:19 (21636 turns).

vishdafish the Unseen (Spriggan Assassin)          Turns: 21636, Time: 01:50:19

Health: 0/53       AC:  5    Str: 12    XL:     12   Next: 39%
Magic:  17/20      EV: 30    Int: 16    God:    Dithmenos [****..]
Gold:   615        SH:  0    Dex: 21    Spells: 11/11 levels left

rFire    . . .     SeeInvis +   o - +2 short sword (freeze)
rCold    . . .     Gourm    .   (shield restricted)
rNeg     . . .     Faith    .   D - +2 robe {MR+}
rPois    .         Spirit   +   (helmet restricted)
rElec    .         Reflect  .   d - +0 cloak
rCorr    +         Harm     .   (gloves unavailable)
MR       +++..                  (boots unavailable)
Stlth    ++++++++..             O - amulet of guardian spirit
Regen    0.2/turn               v - ring of loudness (curse)
MPRegen  0.2/turn               N - ring of resist corrosion

@: mighty, lethally poisoned (0 -> -2), wreathed by umbra, very quick
A: unfitting armour, claws 1, see invisible, clever 1, herbivore 3, speed 3,
slow metabolism 2
a: Shadow Step, Renounce Religion


You were on level 1 of the Spider Nest.
You worshipped Dithmenos.
Dithmenos was greatly pleased with you.
You were very full.

You visited 4 branches of the dungeon, and saw 14 of its levels.
You also visited: Labyrinth.

You collected 615 gold pieces.

Inventory:

Hand Weapons
 b - a +0 blowgun
 o - a +2 short sword of freezing (weapon)
 y - a +1 rapier of draining
 I - a +5 arbalest
 J - a +3 lajatang of protection
Missiles
 e - 6 poisoned needles
Armour
 c - a +0 robe
 d - a +0 cloak (worn)
 f - the cursed +0 leather armour "Fagan" {rC+ rN+, unknown}
   (You found it on level 1 of the Spider Nest)

   It protects you from cold.
   It protects you from negative energy.
   It has a curse placed upon it.
 l - a +0 pair of gloves
 D - a +2 robe of magic resistance (worn)
Magical Staves
 k - an uncursed staff of death {unknown}
 E - an uncursed staff of wizardry
Jewellery
 u - an uncursed amulet of harm
 v - a cursed ring of loudness (left claw)
 N - a ring of resist corrosion (right claw)
 O - an amulet of guardian spirit (around neck)
Wands
 x - a wand of lightning (0/15)
 G - a wand of confusion (0/48)
 H - a wand of acid (0/15)
 M - a wand of polymorph (3/24)
Scrolls
 s - a scroll of amnesia
 t - 2 scrolls of enchant weapon
 K - a scroll of vulnerability
 P - 2 scrolls of holy word
Potions
 h - 4 potions of flight
 i - 3 potions of haste
 q - a potion of lignification
 F - a potion of agility
Books
 a - a book of the Earth

   Spells                             Type                      Level
   a - Leda's Liquefaction            Hexes/Earth                  4
   b - Bolt of Magma                  Conjuration/Fire/Earth       5
   c - Statue Form                    Transmutation/Earth          6
   d - Iron Shot                      Conjuration/Earth            6
   e - Shatter                        Earth                        9
 r - a Young Poisoner's Handbook

   Spells                             Type                      Level
   a - Sting                          Conjuration/Poison           1
   b - Poisonous Vapours              Poison/Air                   2
   c - Mephitic Cloud                 Conjuration/Poison/Air       3
   d - Olgreb's Toxic Radiance        Poison                       4
   e - Venom Bolt                     Conjuration/Poison           5
Comestibles
 g - 4 bread rations
 n - a royal jelly


   Skills:
 - Level 1.5 Fighting
 + Level 14.4 Short Blades
 - Level 2.0 Throwing
 - Level 12.2 Dodging
 + Level 15.9 Stealth
 + Level 0.2 Invocations
 * Level 10.2 Evocations


You had 11 spell levels left.
You didn't know any spells.

Dungeon Overview and Level Annotations

Branches:
Dungeon (8/15)             Temple (1/1) D:4            Lair (4/6) D:8
 Shoals (0/4) Lair:4       Spider (1/4) Lair:3

Altars:
Cheibriados
Dithmenos
Elyvilon
Fedhas
Gozag
Hepliaklqana
Kikubaaqudgha
Makhleb
Okawaru
Qazlal
Sif Muna
Trog
Uskayaw
Vehumet
Xom
Yredelemnul
Zin

Shops:
D:8 *

Annotations:
D:5 Menkaure
Spider:1 Azrael


Innate Abilities, Weirdness & Mutations

You are very small and have problems with some larger weapons.
You are too small for most types of armour.
You have supernaturally acute eyesight. (SInv)
You are a herbivore.
You cover ground extremely quickly.
You need consume almost no food.
You have sharp fingernails.
Your mind is acute. (Int +2)


Message History

Your transformation is almost over.
* * * LOW HITPOINT WARNING * * *
You feel sick.
* * * LOW HITPOINT WARNING * * *
You feel sick.
* * * LOW HITPOINT WARNING * * *
You feel sick.
Okay, then.
Okay, then.
Evoke which item? (* to show all) (? for menu, Esc to quit)
Aiming: Polymorph (will waste charges)
Press: ? - help, Shift-Dir - straight line, f - you
Okay, then.
* * * LOW HITPOINT WARNING * * *
You feel sick.
You feel less wooden.
Your +0 cloak unmelds from your body.
Your +2 robe of magic resistance unmelds from your body.
You feel resistant to hostile enchantments.
You die...

......#........#
......##..#.#.##
.......########
..........## ...........##
## ........(...## ##### #.#
.............####..^## #..#
...#.................#
#...#
...#............@....##...#
...##!#...#....#..........#
....#####.#...##..#.......#
.## ###..###.##..##^.... #
##.# ###....# .... ###
###### ..


There were no monsters in sight!

Vanquished Creatures
  A minotaur (Lab)
  A hydra (Lair:2)
  The ghost of vishdafish the Carver, a novice MiFi of Xom (Lair:1)
  An orb spider (Spider:1)
  A wolf spider (Spider:1)
  2 black mambas (Lair:2)
  5 komodo dragons
  4 spiny frogs
  A rime drake (Lair:2)
  The ghost of vishdafish the Sneak, a novice KoAs (D:4)
  9 jumping spiders
  4 hippogriffs
  A tarantella (Lair:3)
  12 redbacks
  10 yaks
  4 fire bats (Lair:1)
  A fire elemental (Spider:1)
  Eustachio (D:5)
  2 hungry ghosts (D:8)
  4 porcupines
  6 water moccasins
  A hell hound (Spider:1)
  4 orc warriors
  A black bear (D:6)
  3 sky beasts
  An ice beast (D:7)
  7 necrophages (Lair:2)
  4 ogres
  14 wolves
  2 centaurs
  2 crocodiles
  A big kobold (D:6)
  8 bullfrogs
  A water moccasin skeleton (D:4)
  A scorpion (D:8)
  4 howler monkeys
  A crimson imp (D:6)
  A bullfrog zombie (D:8)
  A centaur zombie (D:7)
  3 lava snakes
  A quasit (D:6)
  3 orc priests
  2 hounds
  7 orc wizards
  A bullfrog skeleton (D:4)
  A centaur skeleton (D:5)
  2 iguanas (D:4)
  6 worker ants
  A hound zombie (D:5)
  A hound skeleton (D:4)
  11 adders
  4 shadow imps
  A worm (D:2)
  A dart slug (D:1)
  3 leopard geckos
  25 orcs
  2 ball pythons
  6 giant cockroaches
  5 goblins
  7 hobgoblins
  13 jackals
  4 quokkas
  3 bats
  A frilled lizard (D:1)
  4 kobolds (D:1)
  A leopard gecko zombie (D:6)
  A quokka skeleton (D:7)
  5 rats
  A butterfly (D:4)
255 creatures vanquished.

Vanquished Creatures (others)
  An orc wizard (D:7)
  4 fungi
5 creatures vanquished.

Grand Total: 260 creatures vanquished

Notes
Turn   | Place    | Note
-------+----------+-------------------------------------------
     0 | D:1      | vishdafish the Spriggan Assassin began the quest for the Orb.
     0 | D:1      | Reached XP level 1. HP: 10/10 MP: 2/2
    23 | D:1      | Reached skill level 6 in Stealth
   303 | D:1      | Reached XP level 2. HP: 14/14 MP: 3/3
  2265 | D:2      | Reached XP level 3. HP: 12/18 MP: 4/4
  2951 | D:1      | Reached skill level 7 in Stealth
  3860 | D:2      | Reached XP level 4. HP: 18/22 MP: 5/5
  3929 | D:2      | Found a burning altar of Makhleb.
  3929 | D:2      | Noticed a blizzard demon
  3933 | D:2      | Noticed a hellwing
  3933 | D:2      | Noticed a smoke demon
  4049 | D:3      | Found a hide-covered altar of Uskayaw.
  4245 | D:4      | Reached skill level 8 in Stealth
  4245 | D:4      | Reached XP level 5. HP: 14/25 MP: 6/6
  4361 | D:4      | Found a staircase to the Ecumenical Temple.
  4370 | Temple   | Entered the Ecumenical Temple
  4428 | Temple   | Became a worshipper of Dithmenos the Shadowed
  4825 | D:4      | Reached skill level 5 in Dodging
  4825 | D:4      | Reached XP level 6. HP: 23/30 MP: 7/7
  4899 | D:4      | Found a burning altar of Makhleb.
  4899 | D:4      | Found an ancient bone altar of Kikubaaqudgha.
  5202 | D:4      | Noticed vishdafish's ghost (novice KoAs)
  5240 | D:4      | Killed vishdafish's ghost
  5240 | D:4      | Reached skill level 5 in Short Blades
  5240 | D:4      | Reached XP level 7. HP: 6/33 MP: 8/8
  5830 | D:5      | Entered Level 5 of the Dungeon
  5935 | D:5      | Noticed Eustachio
  5970 | D:5      | Killed Eustachio
  5970 | D:5      | Reached skill level 9 in Stealth
  6123 | D:5      | Noticed Menkaure
  7178 | D:6      | Reached XP level 8. HP: 24/37 MP: 9/9
  7803 | D:6      | Reached * piety under Dithmenos
  8690 | D:7      | Reached skill level 10 in Dodging
  8852 | D:6      | Reached XP level 9. HP: 33/41 MP: 10/10
  9188 | D:6      | Reached skill level 10 in Stealth
  9748 | D:7      | Reached ** piety under Dithmenos
 10204 | D:7      | Gained mutation: You have sharp fingernails. [potion of mutation]
 10204 | D:7      | Gained mutation: Your mind is acute. (Int +2) [potion of mutation]
 10344 | D:8      | Found Pisch's General Store.
 10409 | D:8      | Found a shadowy altar of Dithmenos.
 10456 | D:8      | Found a staircase to the Lair.
 11043 | D:8      | Reached skill level 11 in Stealth
 11109 | D:8      | Reached skill level 1 in Evocations
 11111 | D:8      | Reached skill level 10 in Short Blades
 11200 | D:8      | Found a white marble altar of Elyvilon.
 11200 | D:8      | Found a shimmering altar of Xom.
 11595 | D:8      | Reached XP level 10. HP: 30/46 MP: 12/12
 11757 | Lair:1   | Entered Level 1 of the Lair of Beasts
 11800 | Lair:1   | Noticed vishdafish's ghost (novice MiFi)
 12041 | Lair:1   | Killed vishdafish's ghost
 12041 | Lair:1   | Reached skill level 12 in Stealth
 12173 | Lair:1   | Found a labyrinth entrance.
 12238 | Lab      | Entered a labyrinth
 12753 | Lab      | Noticed a minotaur
 12756 | Lab      | Killed a minotaur
 12963 | Lair:1   | Reached skill level 5 in Evocations
 13282 | Lair:1   | Reached skill level 13 in Stealth
 13416 | Lair:2   | Reached *** piety under Dithmenos
 14099 | Lair:2   | Noticed a six-headed hydra
 14140 | Lair:2   | Killed a six-headed hydra
 14140 | Lair:2   | Reached XP level 11. HP: 49/49 MP: 17/17
 14357 | Lair:2   | Reached skill level 14 in Stealth
 15949 | Lair:3   | Reached **** piety under Dithmenos
 16148 | Lair:3   | Found a hole to the Spider Nest.
 16590 | Lair:2   | Reached skill level 15 in Stealth
 17687 | Lair:4   | Noticed a six-headed hydra
 17689 | Lair:4   | Noticed a seven-headed hydra
 17779 | Lair:4   | HP: 1/49 [yak (11)]
 17857 | Lair:2   | HP: 1/49 [jumping spider (2)]
 17859 | Lair:2   | Reached XP level 12. HP: 29/53 MP: 1/20
 19639 | Lair:4   | Found a staircase to the Shoals.
 19828 | Spider:1 | Entered Level 1 of the Spider Nest
 20385 | Spider:1 | Reached skill level 10 in Evocations
 20482 | Spider:1 | Got a smoking leather armour
 20490 | Spider:1 | Noticed Azrael
 21626 | Spider:1 | HP: 3/79 [poisoned by a wolf spider]
 21631 | Spider:1 | HP: 1/79 [poisoned by a wolf spider]
 21636 | Spider:1 | Succumbed to a wolf spider's poison

Skill      XL: |  1  2  3  4  5  6  7  8  9 10 11 12 |
---------------+-------------------------------------+-----
Stealth        | 6 7 8 9 11 13 15 | 15.9
Dodging        | 2 3 4 5 7 10 12 | 12.2
Short Blades   | 3 4 5 6 8 10 11 13 14 | 14.4
Evocations     | 2 7 9 10 | 10.2
Fighting       | |  1.5
Throwing       | |  2.0
Invocations    | |  0.2

Action                   |  1- 3 |  4- 6 |  7- 9 | 10-12 || total
-------------------------+-------+-------+-------+-------++-------
Melee: Dagger            |    66 |       |       |       ||    66
       Short sword       |    48 |    89 |    50 |    58 ||   245
       Rapier            |       |       |   486 |   816 ||  1302
 Fire: Blowgun           |    11 |     3 |    37 |    27 ||    78
Invok: Shadow Step       |       |       |       |     1 ||     1
Evoke: Wand              |       |       |    14 |    29 ||    43
  Use: Potion            |     3 |     2 |     1 |    14 ||    20
       Scroll            |     3 |     1 |     8 |    19 ||    31
 Stab: Sleeping          |     7 |     7 |    17 |    11 ||    42
       Distracted        |       |       |     1 |     4 ||     5
       Invisible         |       |       |       |     4 ||     4
       Confused          |       |       |       |     6 ||     6
  Eat: Fruit             |     1 |     2 |     3 |       ||     6
       Bread ration      |       |       |     2 |     2 ||     4
       Royal jelly       |       |       |       |     1 ||     1
Armor: Robe              |    15 |     1 |    39 |    35 ||    90
       Skin              |       |    20 |       |       ||    20
Dodge: Dodged            |    86 |    50 |   513 |   866 ||  1515
